 Dungeon Crawl Stone Soup version 0.16.0-17-g811c1d7 (webtiles) character file.

1987 Zugr the Destroyer (level 9, 0/49 HPs)
             Began as a Tengu Fire Elementalist on Mar 22, 2015.
             Was a Believer of Sif Muna.
             Slain by a worker ant (1 damage)
             ... on level 7 of the Dungeon.
             The game lasted 00:53:45 (9967 turns).

Zugr the Destroyer (Tengu Fire Elementalist)        Turns: 9967, Time: 00:53:45

Health: 0/49       AC:  6    Str: 10    XL:     9   Next: 21%
Magic:  16/23      EV: 14    Int: 20    God:    Sif Muna [**....]
Gold:   405        SH:  0    Dex: 16    Spells: 3 memorised, 12 levels left

rFire  . . .     SeeInvis +     p - +0 short sword (drain)
rCold  . . .     Clarity  .     y - +1 robe of the Sea {-Tele rCorr Int+2 Dex+2 SInv}
rNeg   . . .     SustAb   .     (no shield)
rPois  .         Gourm    .     B - +2 hat
rElec  .         Spirit   .     x - +0 cloak
rCorr  +         Warding  .     (no gloves)
rMut   .         NoTele   +     (boots unavailable)
MR     +....                    (no amulet)
Stlth  ++........               (no ring)
                                a - ring of protection from magic

@: somewhat resistant to hostile enchantments, unstealthy
A: able to fly, beak, talons 3, robust 1
a: Fly, Channel Energy, Forget Spell, Renounce Religion


You were on level 7 of the Dungeon.
You worshipped Sif Muna.
Sif Muna was pleased with you.
You were hungry.

You visited 2 branches of the dungeon, and saw 9 of its levels.

You collected 405 gold pieces.

Inventory:

Hand weapons
 p - a +0 short sword of draining (weapon)
 C - a +2 great sword
Missiles
 k - 8 stones (quivered)
Armour
 x - a +0 cloak (worn)
 y - the +1 robe of the Sea (worn) {-Tele rCorr Int+2 Dex+2 SInv}
   (You found it on level 4 of the Dungeon)

   It affects your intelligence (+2).
   It affects your dexterity (+2).
   It enhances your eyesight.
   It prevents most forms of teleportation.
   It protects you from acid and corrosion.
 B - a +2 hat (worn)
Magical staves
 w - an uncursed staff of earth
Jewellery
 a - a ring of protection from magic (left hand)
 K - a +4 ring of dexterity {unknown}
Magical devices
 D - a wand of paralysis (0)
 I - a wand of flame (18)
Scrolls
 j - 4 scrolls of teleportation {unknown}
 n - a scroll of noise
 o - 2 scrolls of identify
 q - 2 scrolls of amnesia {unknown}
 s - a scroll of random uselessness {unknown}
 t - a scroll of fog
 u - 3 scrolls of remove curse
 v - a scroll of magic mapping {unknown}
 z - a scroll of fear {unknown}
 A - a scroll of enchant armour {unknown}
 F - 2 scrolls of recharging {unknown}
 J - a scroll of vulnerability {unknown}
 L - a scroll of silence {unknown}
Potions
 d - a potion of cancellation
 e - 2 potions of magic
 f - a potion of restore abilities
 g - a potion of degeneration
 h - 2 potions of curing
 i - 2 potions of resistance
 l - a potion of mutation
 m - 3 potions of brilliance
 r - a potion of poison
Books
 b - a book of Flames

   Spells                             Type                      Level
   a - Flame Tongue                   Conjuration/Fire             1
   b - Throw Flame                    Conjuration/Fire             2
   c - Conjure Flame                  Conjuration/Fire             3
   d - Inner Flame                    Hexes/Fire                   3
   e - Sticky Flame                   Conjuration/Fire             4
   f - Fireball                       Conjuration/Fire             5
 E - a book of the Sky

   Spells                             Type                      Level
   a - Flight                         Charms/Air                   3
   b - Airstrike                      Air                          4
   c - Silence                        Hexes/Air                    5
   d - Deflect Missiles               Charms/Air                   6
   e - Conjure Ball Lightning         Conjuration/Air              6
   f - Tornado                        Air                          9
Comestibles
 c - 3 bread rations
 G - a meat ration


   Skills:
 + Level 0.0 Fighting
 + Level 4.0 Dodging
 - Level 2.0 Stealth
 - Level 5.3 Spellcasting
 + Level 9.4 Conjurations
 + Level 8.2 Fire Magic


You had 12 spell levels left.
You knew the following spells:

 Your Spells              Type           Power        Failure   Level  Hunger
a - Flame Tongue          Conj/Fire      #####        1%          1    None
b - Conjure Flame         Conj/Fire      #####...     1%          3    ##.....
c - Throw Flame           Conj/Fire      #####.       1%          2    None


Dungeon Overview and Level Annotations

Branches:
Dungeon (8/15)             Temple (1/1) D:4
   Lair: D:8-11

Altars:
Ashenzari
Cheibriados
Elyvilon
Fedhas
Gozag
Kikubaaqudgha
Makhleb
Nemelex Xobeh
Okawaru
Qazlal
Sif Muna
Trog
Vehumet
Zin
The Shining One

Annotations:
D:7 Pikel
D:8 Duvessa


Innate Abilities, Weirdness & Mutations

You can fly.
You have a beak for a mouth.
You have claws for feet.
You are robust (+10% HP).


Message History

Aim: Pikel, wielding a whip of electrocution and wearing a robe (heavily wounded)
The flame tongue hits Pikel.
Pikel is severely wounded.
The worker ant misses you. Pikel hits you but does no damage.
You are electrocuted!
* * * LOW HITPOINT WARNING * * *
The worker ant bites you but does no damage.
Drink which item? (? for menu, Esc to quit)
You feel better.
Pikel hits you with a whip of electrocution.
* * * LOW HITPOINT WARNING * * *
The worker ant closely misses you.
Zapping:
D - a wand of paralysis {zapped: 5} (will waste charges)
Press: ? - help, Shift-Dir - straight line, f/p - Pikel
Aim: Pikel, wielding a whip of electrocution and wearing a robe (severely wounded, chance 46%) Nothing appears to happen.
Pikel hits you but does no damage.
You are electrocuted!
* * * LOW HITPOINT WARNING * * *
The worker ant bites you.
You die...

#...[.......##
###....#
##..>........# #....#
##....#......# #....#
......#..(..## ##..##
......#....## #..#
###........# ####
###......####
.####.(.....#######
.####......>...a@.##
....(....#[....K...#
####.....##.......##
##..#.##########
####.....#
##.###.#####
##..###.....#### ###
#..<.#####.....##
..#####..#####.......#


You could see Pikel and a worker ant.

Vanquished Creatures
  A slave (D:7)
  A sky beast (D:5)
  A black bear (D:7)
  A necrophage (D:8)
  2 phantoms
  3 ogres
  The ghost of WildSam the Slasher, an average DsSk (D:3)
  A crocodile (D:8)
  A giant frog (D:7)
  2 scorpions
  2 water moccasin skeletons
  5 wights (D:6)
  3 crimson imps
  A jelly (D:6)
  3 hounds
  A centaur skeleton (D:4)
  2 orc wizards (D:6)
  3 worker ants
  Ijyb (D:6)
  A hound skeleton (D:6)
  8 adders
  3 gnolls (D:2)
  2 shadow imps
  3 giant mites
  4 worms
  11 orcs
  A bat skeleton (D:5)
  2 bat zombies (D:5)
  5 giant cockroaches
  16 hobgoblins
  11 jackals
  10 kobolds
  A ball python (D:4)
  19 bats
  A giant cockroach zombie (D:5)
  4 giant geckos
  2 giant newts (D:2)
  2 giant spores
  9 goblins
  A jackal skeleton (D:8)
  4 quokkas
  A quokka skeleton (D:4)
  15 rats
  2 ballistomycetes (D:7)
173 creatures vanquished.

Notes
Turn   | Place    | Note
--------------------------------------------------------------
     0 | D:1      | Zugr, the Tengu Fire Elementalist, began the quest for the Orb.
     0 | D:1      | Reached XP level 1. HP: 10/10 MP: 3/3
   263 | D:1      | Reached XP level 2. HP: 12/15 MP: 5/5
   962 | D:1      | Reached XP level 3. HP: 8/19 MP: 2/7
  1316 | D:2      | Reached skill level 4 in Fire Magic
  1807 | D:2      | Reached XP level 4. HP: 10/24 MP: 1/8
  1945 | D:2      | Learned a level 3 spell: Conjure Flame
  3060 | D:3      | Noticed WildSam's ghost (average DsSk)
  3224 | D:3      | Reached XP level 5. HP: 28/28 MP: 9/11
  3239 | D:3      | Reached skill level 5 in Conjurations
  3284 | D:3      | Killed WildSam's ghost
  3284 | D:3      | Reached skill level 5 in Fire Magic
  3831 | D:2      | Learned a level 2 spell: Throw Flame
  3982 | D:3      | Reached XP level 6. HP: 32/32 MP: 8/12
  4434 | D:4      | Reached skill level 6 in Conjurations
  4558 | D:4      | Found a sparkling altar of Nemelex Xobeh.
  4647 | D:4      | Got a brightly glowing robe
  4658 | D:4      | Identified the +1 robe of the Sea {-Tele rCorr Int+2 Dex+2 SInv} (You found it on level 4 of the Dungeon)
  5092 | D:4      | Found a staircase to the Ecumenical Temple.
  5139 | Temple   | Entered the Ecumenical Temple
  5387 | Temple   | Became a worshipper of Sif Muna the Loreminder
  5809 | D:5      | Entered Level 5 of the Dungeon
  6090 | D:5      | Gained mutation: You are robust (+10% HP). [potion of beneficial mutation]
  6296 | D:5      | Reached XP level 7. HP: 39/39 MP: 2/16
  6634 | D:5      | Found a glowing golden altar of the Shining One.
  6642 | D:5      | Reached skill level 7 in Conjurations
  6857 | D:5      | Acquired Sif Muna's first power
  7276 | D:5      | Found a stormy altar of Qazlal.
  7746 | D:6      | Found an opulent altar of Gozag.
  7928 | D:6      | Reached XP level 8. HP: 41/45 MP: 11/19
  8426 | D:6      | Reached skill level 8 in Conjurations
  8437 | D:6      | Acquired Sif Muna's second power
  8902 | D:6      | Noticed Ijyb
  8907 | D:6      | Paralysed by Ijyb for 6 turns
  8923 | D:6      | Killed Ijyb
  9374 | D:7      | Reached skill level 5 in Spellcasting
  9554 | D:7      | Reached skill level 9 in Conjurations
  9554 | D:7      | Reached XP level 9. HP: 49/49 MP: 12/22
  9841 | D:8      | Noticed Duvessa
  9892 | D:8      | Noticed Pikel
  9967 | D:7      | HP: 1/49 [Pikel/whip of electrocution (11)]
  9967 | D:7      | Slain by a worker ant

Action                   |  1- 3 |  4- 6 |  7- 9 || total
-------------------------+-------+-------+-------++-------
Melee: Unarmed           |    17 |       |       ||    17
       Short sword       |     3 |    34 |    83 ||   120
       Great sword       |       |       |     6 ||     6
Throw: Stone             |     1 |       |       ||     1
 Cast: Flame Tongue      |    58 |   105 |    80 ||   243
       Conjure Flame     |       |     8 |     3 ||    11
       Throw Flame       |       |    36 |   116 ||   152
Invok: Channel Energy    |       |       |    49 ||    49
  Use: Potion            |     3 |     1 |     4 ||     8
       Scroll            |     4 |     7 |       ||    11
  Eat: Meat ration       |     1 |     1 |     1 ||     3
       Chunk             |       |    10 |     7 ||    17
       Beef jerky        |       |     2 |     2 ||     4
       Bread ration      |       |       |     1 ||     1
